 Dungeon Crawl Stone Soup version 0.31.0-11-ge490571c62 (webtiles) character file.

Game seed: 13432698590509931958

30 Gadfly the Trooper (level 3, 29/29 HPs)
             Began as a Demonspawn Monk on Feb 1, 2024.
             Quit the game on level 1 of the Dungeon.
             The game lasted 00:00:57 (523 turns).

Gadfly the Trooper (Demonspawn Monk)                 Turns: 523, Time: 00:00:57

Health: 29/29      AC:  2    Str: 13    XL:     3   Next: 3%
Magic:  4/4        EV: 13    Int: 12    God:
Gold:   15         SH:  0    Dex: 15    Spells: 2/2 levels left

rFire   . .          .
                       - Unarmed
rCold   . . .        c - orb {light}
rNeg    . . .        a - +0 robe
rPois   .            (helmet currently unavailable)
rElec   .            (cloak currently unavailable)
rCorr   .            (gloves currently unavailable)
SInv    .            (boots currently unavailable)
Will    .....        (no amulet)
Stlth   +            (no ring)
HPRegen 0.24/turn    (no ring)
MPRegen 0.09/turn

%: no passive effects
@: beast-form, glowing
A: beast (slay +0), hooves 1, big brain 1
a: Begin Untransformation


You were on level 1 of the Dungeon.
You were a hulking beast.
You visited 1 branch of the dungeon, and saw 1 of its levels.

You collected 15 gold pieces.

Inventory:

Armour
 a - a +0 robe (worn)
 c - an orb of light (worn)
Talismans
 d - a beast talisman (active)
Scrolls
 g - a scroll of identify {unknown}
 h - a scroll of enchant armour {unknown}
Potions
 b - a potion of ambrosia
 e - 2 potions of magic {unknown}
 f - a potion of heal wounds {unknown}


   Skills:
 - Level 3.0 Fighting
 + Level 2.8 Dodging
 * Level 3.0 Unarmed Combat
 * Level 1.4 Invocations
 * Level 1.0 Evocations
 * Level 0.9 Shapeshifting


You had 2 spell levels left.
You didn't know any spells.
Your spell library contained the following spells:

 Spells                   Type           Power      Damage    Failure   Level
 Kiss of Death            Conj/Necr      0%         2d5       32%         1
 Confusing Touch          Hex            0%         N/A       69%         3
 Dispel Undead            Necr           0%         3d6       97%         4


Dungeon Overview and Level Annotations

Branches:
Dungeon (1/15)

Altars:


Innate Abilities, Weirdness & Mutations

You are a hulking beast.
Your limbs bulge with bestial killing power. (Slay +0)
You have large cloven feet.
You have an unusually large brain. (Int +2)


Message History

No target in view!
No target in view!
No target in view!
No target in view!
No target in view!
No target in view!
You see here a hobgoblin corpse.
A kobold and a bat come into view.
The bat barely misses you.
The kobold throws a stone.
The stone barely misses you.
You hit the bat. Your kick misses the bat.
The bat is heavily wounded.
The bat hits you.
You hit the bat.
You kill the bat!
You have reached level 3!
Your experience leads to an increase in your attributes!
Increase (S)trength, (I)ntelligence, or (D)exterity?
You feel stronger. x2; Your demonic ancestry asserts itself...
Your brain expands.
You hit the kobold. Your kick misses the kobold.
The kobold is moderately wounded.
The kobold barely misses you.
You hit the kobold.
You kill the kobold!
No target in view!
No target in view!
No target in view!
No target in view!
No target in view!
No target in view!
No target in view!
No target in view!
No target in view!
No target in view!
No target in view!
No target in view!
No target in view!
No target in view!
Are you sure you want to abandon this character and quit the game? (Confirm with "yes".)

#### ##.. ..# #.# #.#
#.# #.##########(# ###+#
#............# #....
#........#####
#....####........#
#.#................#####
#.....)h.##.#.####.#....
#.......†##.#.# #†#...#
#........##.#.# #.#...#
#........##.#.####.#...#
##.......##.#.##...#...#
#.......##.#.##.###...#
#.......##.#.##.# #...#
###....###.#.##.###.###
#.....#


There were no monsters in sight!

Vanquished Creatures
  A gnoll (D:1)
  A dart slug (D:1)
  3 bats (D:1)
  A giant cockroach (D:1)
  A goblin (D:1)
  3 hobgoblins (D:1)
  A quokka (D:1)
  3 ball pythons (D:1)
  A frilled lizard (D:1)
  2 kobolds (D:1)
17 creatures vanquished.

Notes
Turn   | Place    | Note
-------+----------+-------------------------------------------
     0 | D:1      | Gadfly the Demonspawn Monk began the quest for the Orb.
     0 | D:1      | Reached XP level 1. HP: 18/18 MP: 1/1
   291 | D:1      | Gained mutation: You have large cloven feet. [demonic
                  | ancestry]
   291 | D:1      | Reached XP level 2. HP: 23/24 MP: 2/2
   323 | D:1      | Reached skill level 1 in Invocations
   357 | D:1      | Reached skill level 1 in Evocations
   520 | D:1      | Gained mutation: You have an unusually large brain. (Int
                  | +2) [demonic ancestry]
   520 | D:1      | Reached XP level 3. HP: 28/29 MP: 4/4
   523 | D:1      | Quit the game

Illustrated notes

Levels and vault maps discovered:
D:1:      onia_arrival_mini_maze_b, layout_basic

Skill      XL: |  1  2 |
---------------+-------+-----
Invocations    | 1 |  1.4
Unarmed Combat | 3 |  3.0
Evocations     | 1 |  1.0
Fighting       | |  3.0
Dodging        | |  2.8
Shapeshifting  | |  0.9

Action                     || total
---------------------------++-------
  Melee: Unarmed           ||    57
         Kick              ||     5
 Armour: Robe              ||    23
  Dodge: Dodged            ||    34
   Form: Beast             ||     1
